 Dungeon Crawl Stone Soup version 0.18.1-48-g4cf74bf (webtiles) character file.

2965 Peloso the Blocker (level 9, -11/79 HPs)
             Began as a Minotaur Fighter on June 27, 2016.
             Mangled by an orc warrior
             ... wielding a +0 glaive
              (20 damage)
             ... on level 7 of the Dungeon.
             The game lasted 00:17:43 (5318 turns).

Peloso the Blocker (Minotaur Fighter)               Turns: 5318, Time: 00:17:46

Health: -11/79     AC: 12    Str: 22    XL:     9   Next: 52%
Magic:  8/8        EV: 12    Int:  5    God:
Gold:   346        SH: 12    Dex: 15    Spells: 0 memorised, 8 levels left

rFire  . . .     SeeInvis .     a - +0 long sword
rCold  . . .     Gourm    .     u - +0 chain mail
rNeg   . . .     Faith    .     c - +0 shield
rPois  .         Spirit   .     (helmet restricted)
rElec  .         Dismiss  .     (no cloak)
rCorr  .         Reflect  .     (no gloves)
SustAt .         Harm     .     K - +0 pair of boots
MR     .....                    j - amulet of regeneration
Stlth  ..........               B - +3 ring of evasion
                                E - +3 ring of dexterity

@: not resistant to hostile enchantments, extremely unstealthy
A: retaliatory headbutt, horns 2
a: no special abilities


You were on level 7 of the Dungeon.
You were not hungry.

You visited 2 branches of the dungeon, and saw 8 of its levels.
You also visited: Sewer.

You collected 346 gold pieces.

Inventory:

Hand Weapons
 a - a +0 long sword (weapon)
 D - a +2 dagger of venom
Armour
 b - a +0 scale mail
 c - a +0 shield (worn)
 u - a +0 chain mail (worn)
 x - a +0 pair of boots
 K - a +0 pair of boots (worn)
Jewellery
 j - an amulet of regeneration (around neck)
 o - an uncursed ring of stealth
 B - a +3 ring of evasion (right hand)
 E - a +3 ring of dexterity (left hand)
 H - an uncursed amulet of rage {unknown}
Scrolls
 g - a scroll of amnesia {unknown}
 h - a scroll of enchant armour {unknown}
 i - 2 scrolls of teleportation {unknown}
 p - 5 scrolls of remove curse {unknown}
 r - 4 scrolls of blinking {unknown}
 w - a scroll of immolation {unknown}
 y - 4 scrolls of identify {unknown}
 z - a scroll of fear {unknown}
 C - 3 scrolls of recharging {unknown}
 I - a scroll of noise {unknown}
Potions
 d - a potion of might
 e - 3 potions of curing
 k - a potion of brilliance {unknown}
 l - a potion of lignification {unknown}
 m - 2 potions of agility {unknown}
 s - 3 potions of heal wounds {unknown}
 t - a potion of degeneration {unknown}
 v - a potion of magic {unknown}
 A - a potion of flight {unknown}
Books
 F - a book of Minor Magic

   Spells                             Type                      Level
   a - Magic Dart                     Conjuration                  1
   b - Blink                          Translocation                2
   c - Call Imp                       Summoning                    2
   d - Repel Missiles                 Charms/Air                   2
   e - Slow                           Hexes                        2
   f - Conjure Flame                  Conjuration/Fire             3
   g - Mephitic Cloud                 Conjuration/Poison/Air       3
 G - a book of Callings

   Spells                             Type                      Level
   a - Summon Small Mammal            Summoning                    1
   b - Call Imp                       Summoning                    2
   c - Call Canine Familiar           Summoning                    3
   d - Summon Guardian Golem          Hexes/Summoning              3
   e - Summon Lightning Spire         Summoning/Air                4
   f - Summon Ice Beast               Ice/Summoning                4
Comestibles
 f - 5 bread rations
 n - 5 meat rations
 q - 2 slices of pizza
 J - 4 fruits


   Skills:
 + Level 7.0 Fighting
 + Level 8.0 Long Blades
 + Level 8.6 Armour
 + Level 4.5 Dodging
 + Level 0.8 Stealth
 + Level 9.0 Shields


You had 8 spell levels left.
You didn't know any spells.

Dungeon Overview and Level Annotations

Branches:
Dungeon (7/15)             Temple (1/1) D:6

Altars:
Cheibriados
Elyvilon
Fedhas
Gozag
Kikubaaqudgha
Nemelex Xobeh
Qazlal
Sif Muna
Trog
Xom
Yredelemnul
Zin
The Shining One
Jiyva


Innate Abilities, Weirdness & Mutations

You reflexively headbutt those who attack you in melee.
You have a pair of horns on your head.


Message History

You headbutt the orc warrior, but do no damage.
The orc warrior is lightly wounded.
You block the orc warrior's attack. The orc misses you.
You hit the orc warrior but do no damage.
You headbutt the orc warrior.
The orc warrior is moderately wounded.
You block the orc warrior's attack. The orc hits you with a short sword.
* * * LOW HITPOINT WARNING * * *
You closely miss the orc warrior.
The orc warrior is moderately wounded.
The orc closely misses you. You furiously retaliate!
You headbutt the orc, but do no damage. The orc warrior hits you with a glaive!
* * * LOW HITPOINT WARNING * * *
Your chain mail prevents you from hitting the orc warrior.
You headbutt the orc warrior.
The orc warrior is moderately wounded.
The orc barely misses you. You furiously retaliate!
You headbutt the orc!
You kill the orc!
The orc warrior hits you with a glaive!!
You die...

.#####+###+### .............# .
.........^...# . .............# .
.............#+##.
########'###.......
#...#......#.......
#.).#......#.......
################@#####'###.......
#...............o..............##
#................(.............#
#..........†...................#
#.........†....................##
#######...†###################..#
#....#....'...... #..#
#....'....#...... #...
#....#....#S..[<# #...


You could see an orc warrior.

Vanquished Creatures
  The ghost of Kisielow the Conjurer, an amateur DECj (D:5)
  6 yaks
  A water moccasin (D:7)
  An orc warrior (D:6)
  2 phantoms (D:5)
  A sky beast (D:6)
  4 ogres
  3 big kobolds (Sewer)
  A giant frog (D:6)
  A scorpion (D:7)
  5 killer bees (D:7)
  A jelly (D:5)
  2 hounds
  A giant frog skeleton (D:5)
  An orc priest (D:7)
  An orc wizard (D:3)
  Ijyb (D:2)
  2 iguanas
  4 worker ants
  7 adders
  A shadow imp (D:5)
  4 oozes
  An adder zombie (D:6)
  4 worms
  3 dart slugs
  4 giant geckos
  12 orcs
  3 giant cockroaches
  14 goblins
  2 hobgoblins
  9 jackals
  28 kobolds
  2 quokkas
  3 ball pythons
  A ball python zombie (D:6)
  6 bats
  5 giant newts
  7 rats
155 creatures vanquished.

Notes
Turn   | Place    | Note
--------------------------------------------------------------
     0 | D:1      | Peloso the Minotaur Fighter began the quest for the Orb.
     0 | D:1      | Reached XP level 1. HP: 19/19 MP: 0/0
   165 | D:1      | Reached XP level 2. HP: 27/27 MP: 1/1
   216 | D:1      | Reached skill level 4 in Shields
   685 | D:1      | Reached XP level 3. HP: 33/33 MP: 2/2
   933 | D:2      | Found a glowing silver altar of Zin.
  1028 | D:2      | Reached skill level 1 in Dodging
  1072 | D:2      | Noticed Ijyb
  1092 | D:2      | Killed Ijyb
  1092 | D:2      | Reached XP level 4. HP: 37/40 MP: 3/3
  1827 | D:3      | Reached XP level 5. HP: 46/47 MP: 4/4
  2414 | D:4      | Noticed an ogre
  2559 | D:4      | Killed an ogre
  2559 | D:4      | Reached skill level 5 in Armour
  2559 | D:4      | Reached skill level 5 in Shields
  2559 | D:4      | Reached XP level 6. HP: 39/53 MP: 5/5
  2619 | D:4      | Found a glowing drain.
  2624 | Sewer    | Entered a sewer
  2905 | Sewer    | Reached XP level 7. HP: 51/60 MP: 6/6
  3298 | D:4      | Found a sparkling altar of Nemelex Xobeh.
  3310 | D:4      | Found a blossoming altar of Fedhas.
  3630 | D:5      | Entered Level 5 of the Dungeon
  3636 | D:5      | Reached skill level 5 in Long Blades
  3636 | D:5      | Reached skill level 6 in Shields
  3665 | D:5      | Reached skill level 5 in Fighting
  3794 | D:5      | Noticed Kisielow's ghost (amateur DECj)
  3804 | D:5      | Killed Kisielow's ghost
  3804 | D:5      | Reached XP level 8. HP: 48/68 MP: 7/7
  3905 | D:5      | Reached skill level 7 in Shields
  4622 | D:6      | Reached skill level 8 in Shields
  4622 | D:6      | Reached XP level 9. HP: 61/75 MP: 8/8
  4714 | D:6      | Found a staircase to the Ecumenical Temple.
  4778 | Temple   | Entered the Ecumenical Temple
  5014 | D:6      | Found a basalt altar of Yredelemnul.
  5303 | D:7      | HP: 2/79 [poisoned by a killer bee]
  5306 | D:7      | Reached skill level 9 in Shields
  5318 | D:7      | Mangled by an orc warrior

Skill      XL: |  1  2  3  4  5  6  7  8  9 |
---------------+----------------------------+-----
Shields        | 4 5 6 8 9 |  9.0
Fighting       | 4 5 6 7 |  7.0
Long Blades    | 3 4 5 7 8 |  8.0
Dodging        | 1 2 3 4 |  4.5
Armour         | 4 5 6 8 |  8.6
Stealth        | |  0.8

Action                   |  1- 3 |  4- 6 |  7- 9 || total
-------------------------+-------+-------+-------++-------
Melee: Long sword        |    86 |   146 |   251 ||   483
       Headbutt          |     9 |    20 |    47 ||    76
  Use: Potion            |       |       |     3 ||     3
  Eat: Chunk             |     1 |     6 |     8 ||    15
Armor: Scale mail        |    42 |    37 |       ||    79
       Chain mail        |       |    56 |    90 ||   146
Dodge: Dodged            |    25 |    63 |   109 ||   197
Block: Shield            |    34 |    89 |   184 ||   307
